% Time on Ice - KANSAS CITY KILLERBEES
Lines # - Real PCT - Wanted PCT - Time Play
Normal Forward
1 - 29% - 36% - 13:09
2 - 27% - 31% - 12:05
3 - 22% - 23% - 9:49
4 - 23% - 10% - 10:24
Normal Defense
1 - 35% - 36% - 16:01
2 - 29% - 31% - 13:24
3 - 32% - 23% - 14:41
4 - 3% - 10% - 1:21
PP Forward
1 - 50% - 55% - 5:55
2 - 50% - 45% - 5:59
PP Defense
1 - 54% - 55% - 6:28
2 - 46% - 45% - 5:26
PK Forward
1 - 0% - 55%
2 - 0% - 45%
PK Defense
1 - 0% - 55%
2 - 0% - 45%
PK3 Forward
1 - 0% - 55%
2 - 0% - 45%
PK3 Defense
1 - 0% - 55%
2 - 0% - 45%
44 Forward
1 - 51% - 55% - 1:01
2 - 49% - 45% - 0:58
44 Defense
1 - 53% - 55% - 1:03
2 - 47% - 45% - 0:56
Last Minute Offensive  - 0:40
Last Minute Defensive  - 0:00
Total
Forward - 60:00
Defense - 60:00
% Time on Ice - TEXAS TOROS
Lines # - Real PCT - Wanted PCT - Time Play
Normal Forward
1 - 29% - 36% - 13:11
2 - 29% - 31% - 13:11
3 - 29% - 23% - 13:01
4 - 13% - 10% - 5:48
Normal Defense
1 - 37% - 36% - 16:40
2 - 30% - 31% - 13:24
3 - 28% - 23% - 12:50
4 - 5% - 10% - 2:17
PP Forward
1 - 0% - 55%
2 - 0% - 45%
PP Defense
1 - 0% - 55%
2 - 0% - 45%
PK Forward
1 - 55% - 55% - 6:34
2 - 45% - 45% - 5:20
PK Defense
1 - 53% - 55% - 6:16
2 - 47% - 45% - 5:38
PK3 Forward
1 - 0% - 55%
2 - 0% - 45%
PK3 Defense
1 - 0% - 55%
2 - 0% - 45%
44 Forward
1 - 64% - 55% - 1:16
2 - 36% - 45% - 0:43
44 Defense
1 - 32% - 55% - 0:38
2 - 68% - 45% - 1:21
Last Minute Offensive  - 0:00
Last Minute Defensive  - 0:56
Total
Forward - 60:00
Defense - 60:00
Play-by-Play 1st period 0:01 of 1st period - Trevor Zegras wins face-off versus Zach Aston-Reese in neutral zone. 0:40 of 1st period - Trevor Zegras is hit by K'Andre Miller. 0:57 of 1st period - Minor Penalty to Brandon Duhaime for Hooking. 0:58 of 1st period - Trevor Zegras wins face-off versus Yegor Sharangovich in TEXAS TOROS zone. 1:25 of 1st period - Shot by Buddy Robinson. 1:25 of 1st period - Stopped by Philipp Grubauer without a rebound. 1:26 of 1st period - Trevor Zegras wins face-off versus Tyler Johnson in TEXAS TOROS zone. 2:33 of 1st period - Shot by Ryan Dzingel. 2:33 of 1st period - Shot Misses the Net. 3:05 of 1st period - Minor Penalty to Mikey Eyssimont for Interference. 3:06 of 1st period - Tyler Johnson wins face-off versus Trevor Zegras in TEXAS TOROS zone. 3:16 of 1st period - Icing by Cam Fowler. 3:17 of 1st period - Tyler Johnson wins face-off versus Barrett Hayton in KANSAS CITY KILLERBEES zone. 4:08 of 1st period - Shot by Ryan Dzingel. 4:08 of 1st period - Shot Blocked by Vladislav Namestnikov. 4:24 of 1st period - Shot by Cam Fowler. 4:24 of 1st period - Stopped by Philipp Grubauer without a rebound. 4:25 of 1st period - Trevor Zegras wins face-off versus Tyler Johnson in TEXAS TOROS zone. 5:14 of 1st period - Shot by MacKenzie Entwistle. 5:14 of 1st period - Stopped by Philipp Grubauer without a rebound. 5:15 of 1st period - Barrett Hayton wins face-off versus Nicolas Aube-Kubel in TEXAS TOROS zone. 5:28 of 1st period - Shot by Taylor Raddysh. 5:28 of 1st period - Shot Misses the Net. 5:33 of 1st period - Barrett Hayton is hit by Jacob Muzzin and loses puck. 5:42 of 1st period - Shot by Taylor Raddysh. 5:42 of 1st period - Stopped by Casey DeSmith without a rebound. 5:43 of 1st period - Yegor Sharangovich wins face-off versus Bobby Brink in KANSAS CITY KILLERBEES zone. 6:10 of 1st period - Shot by Bobby Brink. 6:10 of 1st period - Stopped by Casey DeSmith with a rebound. 7:19 of 1st period - Icing by Cam Fowler. 7:20 of 1st period - Tyler Johnson wins face-off versus Barrett Hayton in KANSAS CITY KILLERBEES zone. 7:57 of 1st period - Icing by Barrett Hayton. 7:58 of 1st period - Zach Aston-Reese wins face-off versus Barrett Hayton in TEXAS TOROS zone. 8:09 of 1st period - Shot by James van Riemsdyk. 8:09 of 1st period - Shot Misses the Net. 8:11 of 1st period - Shot by James van Riemsdyk. 8:11 of 1st period - Shot Misses the Net. 8:13 of 1st period - Shot by Jacob Muzzin. 8:13 of 1st period - Shot Misses the Net. 8:15 of 1st period - Shot by Alexis Lafreniere. 8:15 of 1st period - Stopped by Philipp Grubauer without a rebound. 8:16 of 1st period - Jake Lucchini wins face-off versus Nolan Foote in TEXAS TOROS zone. 8:44 of 1st period - Shot by MacKenzie Entwistle. 8:44 of 1st period - Stopped by Philipp Grubauer without a rebound. 8:45 of 1st period - Ryan Poehling wins face-off versus Zach Aston-Reese in TEXAS TOROS zone. 8:45 of 1st period - Ryan Poehling is hit by Zach Aston-Reese. 8:56 of 1st period - Off-side. 8:57 of 1st period - Trevor Zegras wins face-off versus Tyler Johnson in neutral zone. 9:00 of 1st period - Keith Yandle is hit by Colin Blackwell and loses puck. 10:31 of 1st period - Minor Penalty to Dante Fabbro for Tripping. 10:32 of 1st period - Yegor Sharangovich wins face-off versus Trevor Zegras in TEXAS TOROS zone. 10:37 of 1st period - Shot by Yegor Sharangovich. 10:37 of 1st period - Stopped by Philipp Grubauer without a rebound. 10:38 of 1st period - Trevor Zegras wins face-off versus Yegor Sharangovich in TEXAS TOROS zone. 11:30 of 1st period - Shot by K'Andre Miller. 11:30 of 1st period - Stopped by Philipp Grubauer without a rebound. 11:31 of 1st period - Tyler Johnson wins face-off versus Trevor Zegras in TEXAS TOROS zone. 11:32 of 1st period - Shot by Cam Fowler. 11:32 of 1st period - Stopped by Philipp Grubauer without a rebound. 11:33 of 1st period - James van Riemsdyk wins face-off versus Barrett Hayton in TEXAS TOROS zone. 11:34 of 1st period - Shot by Zach Aston-Reese. 11:34 of 1st period - Shot Blocked by Dougie Hamilton. 12:46 of 1st period - Ryan Dzingel is hit by Johnathan Kovacevic and loses puck. 12:52 of 1st period - Ryan Dzingel is hit by Johnathan Kovacevic and loses puck. 13:01 of 1st period - Shot by Buddy Robinson. 13:01 of 1st period - Shot Misses the Net. 13:40 of 1st period - Shot by Barrett Hayton. 13:40 of 1st period - Shot Misses the Net. 13:54 of 1st period - Shot by Taylor Raddysh. 13:54 of 1st period - Shot Blocked by Keith Yandle. 14:46 of 1st period - Shot by Vladislav Namestnikov. 14:46 of 1st period - Shot Blocked by K'Andre Miller. 14:48 of 1st period - Shot by Vladislav Namestnikov. 14:48 of 1st period - Deflect By Trevor Zegras. 14:48 of 1st period - Stopped by Casey DeSmith without a rebound. 14:49 of 1st period - Trevor Zegras wins face-off versus James van Riemsdyk in KANSAS CITY KILLERBEES zone. 14:52 of 1st period - Shot by Trevor Zegras. 14:52 of 1st period - Stopped by Casey DeSmith without a rebound. 14:53 of 1st period - Zach Aston-Reese wins face-off versus Ryan Poehling in KANSAS CITY KILLERBEES zone. 15:01 of 1st period - Icing by Jacob Muzzin. 15:02 of 1st period - Barrett Hayton wins face-off versus Zach Aston-Reese in KANSAS CITY KILLERBEES zone. 16:25 of 1st period - Dante Fabbro is hit by Buddy Robinson and loses puck. 17:44 of 1st period - Shot by Will Butcher. 17:44 of 1st period - Shot Blocked by Ryan Poehling. 18:12 of 1st period - Shot by James van Riemsdyk. 18:12 of 1st period - Stopped by Philipp Grubauer with a rebound. 18:14 of 1st period - Shot by Zach Aston-Reese. 18:14 of 1st period - Stopped by Philipp Grubauer without a rebound. 18:15 of 1st period - Trevor Zegras wins face-off versus Yegor Sharangovich in TEXAS TOROS zone. 18:27 of 1st period - Trevor Zegras is hit by K'Andre Miller and loses puck. 19:11 of 1st period - Shot by James van Riemsdyk. 19:11 of 1st period - Shot Blocked by Dougie Hamilton. 19:13 of 1st period - Shot by Zach Aston-Reese. 19:13 of 1st period - Shot Misses the Net. Goals for this period are 0 for KANSAS CITY KILLERBEES vs 0 for TEXAS TOROS. Shots for this period are 10 for KANSAS CITY KILLERBEES vs 4 for TEXAS TOROS. 2nd period 0:01 of 2nd period - Vladislav Namestnikov wins face-off versus Zach Aston-Reese in neutral zone. 0:10 of 2nd period - Vladislav Namestnikov is hit by Zach Aston-Reese and loses puck. 0:23 of 2nd period - Shot by Co